 Dungeon Crawl Stone Soup version 0.29-a0-96-g93358da72b (webtiles) character file.

Game seed: 507333982967289403

273 cyrus the Poker (level 6, 0/57 HPs)
             Began as a Naga Fighter on Feb 11, 2022.
             Was a Follower of the Shining One.
             Slain by an ogre (26 damage)
             ... on level 4 of the Dungeon.
             The game lasted 00:09:25 (3919 turns).

cyrus the Poker (Naga Fighter)                      Turns: 3919, Time: 00:09:25

Health: 0/57       AC: 10    Str: 18    XL:     6   Next: 23%
Magic:  6/6        EV:  7    Int: 10    God:    the Shining One [*.....]
Gold:   96         SH:  4    Dex: 11    Spells: 5/5 levels left

rFire   + . .      SeeInvis +   a - +3 trident
rCold   . . .      Faith    .   c - +0 buckler
rNeg    . . .      Spirit   .   i - +1 scale mail {rF+}
rPois   +          Reflect  .   j - +2 helmet
rElec   .          Harm     .   (no cloak)
rCorr   .          Rampage  .   (no gloves)
Will    .....                   (no barding)
Stlth   ..........              (no amulet)
HPRegen 0.19/turn               (no ring)
MPRegen 0.10/turn               (no ring)

@: glowing, very slow
A: AC +2, large, see invisible, deformed body, poison resistance, slowness 2,
spit poison 1, naga tail 1
a: Spit Poison, Renounce Religion, Divine Shield


You were on level 4 of the Dungeon.
You worshipped the Shining One.
The Shining One was aware of your devotion.
You visited 1 branch of the dungeon, and saw 4 of its levels.

You collected 201 gold pieces.
You spent 105 gold pieces at shops.

Inventory:

Hand Weapons
 a - a +3 trident (weapon)
Armour
 b - a +0 scale mail
 c - a +0 buckler (worn)
 i - a +1 scale mail of fire resistance (worn)
 j - a +2 helmet (worn)
Jewellery
 d - a ring of protection from fire
 e - a ring of protection from cold
 n - an amulet of magic regeneration
Wands
 q - a wand of paralysis (7)
Scrolls
 g - a scroll of teleportation {unknown}
 k - a scroll of identify {unknown}
 l - a scroll of vulnerability {unknown}
Potions
 f - 3 potions of mutation {unknown}
 h - 2 potions of curing {unknown}
 m - 2 potions of brilliance {unknown}
 r - a potion of cancellation {unknown}


   Skills:
 + Level 3.9 Fighting
 + Level 4.0 Polearms
 + Level 3.5 Armour
 + Level 1.2 Dodging
 + Level 1.1 Stealth
 + Level 2.9 Shields


You had 5 spell levels left.
You didn't know any spells.
Your spell library was empty.

Dungeon Overview and Level Annotations

Branches:
Dungeon (4/15)             Temple (0/1) D:4

Altars:
The Shining One

Shops:
D:3 (?*??


Innate Abilities, Weirdness & Mutations

Your serpentine skin is tough. (AC +2)
You have supernaturally acute eyesight. (SInv)
Armour fits poorly on your strangely shaped body.
Your system is resistant to poisons. (rPois)
You cover ground very slowly.
You can spit poison.
You have a snake-like lower body.


Message History

The endoplasm hits you but does no damage.
You puncture the endoplasm!
You kill the endoplasm!
Found a stone staircase leading up.
Found 26 sling bullets.
An endoplasm comes into view.
The endoplasm quivers.
You see here a ring of protection from fire.
An endoplasm is nearby!
You block the endoplasm's attack.
You puncture the endoplasm!
You kill the endoplasm!
d - a ring of protection from fire You see here 26 sling bullets.
You see here 26 sling bullets.
You enter the shallow water.
Moving in this stuff is going to be slow.
An ogre comes into view. It is wielding a +0 giant club.
The ogre shouts!
The ogre moves out of view.
An ogre is nearby!
The ogre barely misses you.
You puncture the ogre!
The ogre is moderately wounded.
The ogre hits you with a +0 giant club!
You hit the ogre.
The ogre is moderately wounded.
The ogre hits you with a +0 giant club.
You hit the ogre.
The ogre is heavily wounded.
You block the ogre's attack.
You puncture the ogre!
The ogre is severely wounded.
You hit the ogre.
The ogre is severely wounded.
The ogre hits you with a +0 giant club!
You hit the ogre.
The ogre is almost dead.
The ogre hits you with a +0 giant club!!
You die...

#.#...###.........#≈≈≈≈≈≈#..##.##
#....###..#..###..#≈#≈≈###..##.#
#.##.###.#..###.....##≈#....##.#
............................##.#
).....#..........#######.##....#*
#.....<.)........# #..#####..#
..##.##.........>######.### #..#
#.##............O##.......# #..#
................@.........# *#..#
.#.####...........#.......# *...#
...# #.#########.######### *.#.#
..## #.,*******#.# *.*.# .##
##,**,,,,,..# *,*,* .#
*,,,,,***### *,*,* ># ****,,,*
*,*,* *** ***,,,*,** *,*,*
,,*****,,,***,,* *,*,*


You could see an ogre.

Vanquished Creatures
  Sigmund (D:3)
  3 adders
  A worm (D:2)
  2 dart slugs
  6 orcs
  9 endoplasms
  A giant cockroach (D:1)
  6 goblins
  6 hobgoblins
  11 jackals
  2 kobolds
  3 quokkas
  3 ball pythons
  3 bats
  5 frilled lizards
  10 rats
72 creatures vanquished.

Notes
Turn   | Place    | Note
-------+----------+-------------------------------------------
     0 | D:1      | cyrus the Naga Fighter began the quest for the Orb.
     0 | D:1      | Reached XP level 1. HP: 21/21 MP: 1/1
   208 | D:1      | Reached XP level 2. HP: 28/28 MP: 2/2
   699 | D:1      | Found a faded altar of an unknown god.
   827 | D:1      | Prayed at the altar of an unknown god.
   827 | D:1      | Became a worshipper of the Shining One
   827 | D:1      | Reached * piety under the Shining One
   990 | D:1      | Reached XP level 3. HP: 34/34 MP: 3/3
  1757 | D:2      | Reached XP level 4. HP: 6/42 MP: 4/4
  2642 | D:2      | Reached skill level 3 in Polearms
  3181 | D:3      | Found Qakho's Assorted Antiques.
  3208 | D:3      | Found Tyal's Weapon Emporium.
  3390 | D:3      | Found Jeefar's Magic Scroll Shop.
  3404 | D:3      | Bought a scroll of enchant weapon for 105 gold pieces
  3567 | D:3      | Found Domnuheg's Magic Scroll Shop.
  3601 | D:3      | Found Muxtucac's Magic Scroll Emporium.
  3632 | D:3      | Noticed Sigmund
  3638 | D:3      | Killed Sigmund
  3639 | D:3      | Reached skill level 1 in Dodging
  3639 | D:3      | Reached skill level 1 in Stealth
  3639 | D:3      | Reached XP level 5. HP: 50/50 MP: 5/5
  3639 | D:3      | Reached XP level 6. HP: 57/57 MP: 6/6
  3759 | D:4      | Reached skill level 4 in Polearms
  3919 | D:4      | Slain by an ogre

Illustrated notes

Levels and vault maps discovered:
D:1:      matt_arrival_diagonals, layout_basic, basic_ecumenical_altar
D:2:      layout_basic
D:3:      layout_loops_cross, serial_shops, shop, shop,
          nicolae_shop_window_shopping, shop_statue, shop, due_unseen_surprise,
          uniq_sigmund
D:4:      due_chaos_kobolds, layout_rooms, lemuel_temple_firewalk_a,
          serial_glass, glass_columns_c, glass_columns_a,
          amcnicky_mini_rare_corridor_liquid, minivault_4

Skill      XL: |  1  2  3  4  5  6 |
---------------+-------------------+-----
Polearms       | 3 4 |  4.0
Armour         | 3 |  3.5
Dodging        | 1 |  1.2
Stealth        | 1 |  1.1
Fighting       | |  3.9
Shields        | |  2.9

Action                   |  1- 3 |  4- 6 || total
-------------------------+-------+-------++-------
Melee: Trident           |   115 |    78 ||   193
 Abil: Spit Poison       |     3 |       ||     3
  Use: Potion            |     1 |     1 ||     2
       Scroll            |       |     4 ||     4
Armor: Scale mail        |    86 |    61 ||   147
Dodge: Dodged            |    42 |    35 ||    77
Block: Buckler           |    28 |    16 ||    44

Table legend: (Time is in decaauts)
 A = Elapsed time spent in this place.
 B = Non-inter-level travel time spent in this place.
 C = Inter-level travel time spent in this place.
 D = Time resting spent in this place.
 E = Time spent auto-exploring this place.
 F = Levels seen in this place.
 G = Mean time per level.
                   A        B        C        D        E       F      G
               +--------+--------+--------+--------+--------+-----+--------+
         Total |   4775 |   4771 |      4 |   1301 |   2475 |   4 | 1193.8 |
       Dungeon |   4775 |   4771 |      4 |   1301 |   2475 |   4 | 1193.8 |
               +--------+--------+--------+--------+--------+-----+--------+

Top non-repeatable levels by time:
     D:2: 2062 daAuts
     D:1: 1549 daAuts
     D:3: 854 daAuts
     D:4: 308 daAuts
